 Dungeon Crawl Stone Soup version 0.28-a0-723-g095bd1b44f (webtiles) character file.

Game seed: 143927557200903401

429 flotson the Sneak (level 6, -4/49 HPs)
             Began as a Demonspawn Delver on Oct 25, 2021.
             Slain by a phantom (8 damage)
             ... on level 3 of the Dungeon.
             The game lasted 00:08:40 (4414 turns).

flotson the Sneak (Demonspawn Delver)               Turns: 4414, Time: 00:08:41

Health: -4/49      AC:  9    Str: 14    XL:     6   Next: 66%
Magic:  6/6        EV: 10    Int: 12    God:
Gold:   220        SH:  5    Dex: 14    Spells: 5/5 levels left

rFire   . . .      SeeInvis .   a - +0 hand axe
rCold   . . .      Faith    .   (no shield)
rNeg    . . .      Spirit   .   j - +0 scale mail
rPois   .          Reflect  +   (no helmet)
rElec   .          Harm     .   (no cloak)
rCorr   .          Rampage  .   (no gloves)
Will    +....                   e - +0 pair of boots
Stlth   +.........              q - amulet of reflection
HPRegen 0.16/turn               k - ring of willpower
MPRegen 0.10/turn               (no ring)

@: no status effects
A: slimy green scales 1, foul stench 2, powered by pain 1, weakness stinger 1
a: no special abilities


You were on level 3 of the Dungeon.
You visited 1 branch of the dungeon, and saw 5 of its levels.

You collected 220 gold pieces.

Inventory:

Hand Weapons
 a - a +0 hand axe (weapon)
Missiles
 n - 10 poisoned darts
 x - 6 silver boomerangs (quivered)
Armour
 e - a +0 pair of boots (worn)
 j - a +0 scale mail (worn)
Jewellery
 k - a ring of willpower (left hand)
 q - an amulet of reflection (around neck)
Wands
 g - a wand of digging (2)
Scrolls
 b - a scroll of amnesia {unknown}
 c - a scroll of fog
 f - 2 scrolls of magic mapping
 i - a scroll of enchant weapon {unknown}
 l - 5 scrolls of teleportation {unknown}
 m - 3 scrolls of identify {unknown}
 p - a scroll of holy word {unknown}
 u - a scroll of immolation {unknown}
 v - a scroll of silence {unknown}
Potions
 d - 2 potions of mutation {unknown}
 h - 2 potions of curing {unknown}
 o - 2 potions of lignification {unknown}
 r - 2 potions of heal wounds {unknown}
 s - a potion of attraction {unknown}
 t - a potion of cancellation {unknown}
 w - a potion of flight {unknown}


   Skills:
 + Level 4.4 Fighting
 - Level 1.7 Axes
 + Level 2.2 Throwing
 + Level 2.6 Armour
 + Level 3.4 Dodging
 - Level 4.5 Stealth
 + Level 2.4 Evocations


You had 5 spell levels left.
You didn't know any spells.
Your spell library was empty.

Dungeon Overview and Level Annotations

Branches:
Dungeon (5/15)
 Temple: D:4-7

Altars:

Shops:
D:5 ?


Innate Abilities, Weirdness & Mutations

You are partially covered in slimy green scales. (AC +2)
You sometimes emit foul miasma when damaged in melee.
You sometimes gain a little power by taking damage.
You have a small tail.


Message History

The phantom misses you.
Unknown command.
Unknown command.
Throw: 6 boomerangs (silver)
Press: ? - help, Q - select action, (/) - cycle Shift-Dir - straight line, f - phantom
Aim: a phantom (heavily damaged, 51% to hit)
You throw a silver boomerang. The silver boomerang hits the phantom.
The phantom is heavily damaged.
The phantom hits you but does no damage.
Unknown command.
Throw: 6 boomerangs (silver)
Press: ? - help, Q - select action, (/) - cycle Shift-Dir - straight line, f/p - phantom
Aim: a phantom (heavily damaged, 50% to hit)
You throw a silver boomerang.
The silver boomerang barely misses the phantom.
The phantom hits you but does no damage.
Throw: 6 boomerangs (silver)
Press: ? - help, Q - select action, (/) - cycle Shift-Dir - straight line, f/p - phantom
Aim: a phantom (heavily damaged, 51% to hit)
You throw a silver boomerang. The silver boomerang hits the phantom.
The phantom is almost destroyed.
The phantom closely misses you. The phantom hits you.
* * * LOW HITPOINT WARNING * * *
The phantom blinks!
You blink.
Throw: 6 boomerangs (silver)
Press: ? - help, Q - select action, (/) - cycle Shift-Dir - straight line, f/p - phantom
Aim: a phantom (almost destroyed, 51% to hit)
You throw a silver boomerang.
The silver boomerang hits the phantom but does no damage.
The phantom is almost destroyed.
The phantom hits you.
* * * LOW HITPOINT WARNING * * *
The phantom blinks!
You blink.
Throw: 6 boomerangs (silver)
Press: ? - help, Q - select action, (/) - cycle Shift-Dir - straight line, f/p - phantom
Aim: a phantom (almost destroyed, 51% to hit)
You throw a silver boomerang. The silver boomerang hits the phantom.
The phantom is almost destroyed.
The phantom hits you!
You die...

##.###.####.# ##### #.###.
##.#.##....###...## #.####
#..###.#####.###>## #..... #(.#
#.# #.#####.########..### #..#
#.# #.##..............# # #..#
#.# #.##.##.########.## # #..#
#.# ##.#.#.## #.# # #..# #.#
##...## #># # #.(# #.#######@##
#)# ## #..# #......ยง.W# #.# #.
#..################ #.###.
#........>........# #.....
#.#####.#########.# ######
#......#.# #.# #
#######.#########.#############
#........................
#########################


You could see a phantom.

Vanquished Creatures
  Sigmund (D:2)
  An ice beast (D:3)
  A scorpion (D:3)
  5 adders
  2 worms (D:2)
  The ghost of flotson the Sneak, a weakling DsDe (D:5)
  2 dart slugs
  An orc (D:4)
  8 endoplasms
  2 giant cockroaches
  3 hobgoblins
  A quokka (D:1)
  6 ball pythons
  6 bats
  2 frilled lizards
  9 goblins
  10 kobolds
  9 rats
70 creatures vanquished.

Notes
Turn   | Place    | Note
-------+----------+-------------------------------------------
     0 | D:5      | flotson the Demonspawn Delver began the quest for the Orb.
     0 | D:5      | Reached XP level 1. HP: 18/18 MP: 1/1
    20 | D:5      | Noticed flotson's ghost (weakling DsDe)
    29 | D:5      | Found a runed translucent door.
    54 | D:5      | Killed flotson's ghost
   124 | D:5      | Noticed an iguana
   184 | D:4      | You fall into a shaft and drop 1 floor!
   184 | D:5      | Noticed a necrophage
   219 | D:5      | Noticed a hound
   221 | D:5      | Noticed a jelly
   227 | D:5      | Noticed a scorpion
   502 | D:4      | Noticed a water moccasin
   529 | D:4      | Gained mutation: You may rarely emit foul miasma when
                  | damaged in melee. [demonic ancestry]
   529 | D:4      | Reached XP level 2. HP: 22/24 MP: 2/2
   541 | D:4      | Noticed a phantom
   554 | D:3      | Reached skill level 1 in Armour
   868 | D:1      | Gained mutation: You sometimes gain a little power by
                  | taking damage. [demonic ancestry]
   868 | D:1      | Reached XP level 3. HP: 23/29 MP: 3/3
  2105 | D:2      | Noticed Sigmund
  2327 | D:2      | Gained mutation: You sometimes emit foul miasma when
                  | damaged in melee. [demonic ancestry]
  2327 | D:2      | Reached XP level 4. HP: 21/36 MP: 4/4
  2471 | D:2      | Killed Sigmund
  2472 | D:2      | Reached skill level 1 in Throwing
  2472 | D:2      | Reached skill level 1 in Evocations
  2472 | D:2      | Gained mutation: You have a small tail. [demonic ancestry]
  2472 | D:2      | Reached XP level 5. HP: 20/42 MP: 5/5
  3137 | D:3      | Noticed an ice beast
  3399 | D:3      | Found a faded altar of an unknown god.
  3634 | D:3      | Killed an ice beast
  3635 | D:3      | Gained mutation: You are partially covered in slimy green
                  | scales. (AC +2) [demonic ancestry]
  3635 | D:3      | Reached XP level 6. HP: 32/49 MP: 6/6
  4414 | D:3      | Slain by a phantom

Illustrated notes

Levels and vault maps discovered:
D:1:      co_arrival_random_square_maze, layout_basic, grunt_decor_clamped,
          amcnicky_mini_pool_small, fountainhead, minmay_cupped
D:2:      layout_loops_ring, st_stairs_4, minmay_vboxes, uniq_sigmund
D:3:      layout_loops_ring, basic_ecumenical_altar, lightli_corner_chamber
D:4:      layout_loops_ring
D:5:      layout_rooms, serial_shops, nicolae_shop_trees,
          hellmonk_ghost_happy_afterlife, uniq_pikel, uniq_crazy_yiuf_cottage

Skill      XL: |  1  2  3  4  5 |
---------------+----------------+-----
Dodging        | 2 3 |  3.4
Armour         | 1 2 |  2.6
Fighting       | 4 |  4.4
Throwing       | 1 2 |  2.2
Evocations     | 1 2 |  2.4
Axes           | |  1.7
Stealth        | |  4.5

Action                   |  1- 3 |  4- 6 || total
-------------------------+-------+-------++-------
Melee: Hand axe          |   164 |   106 ||   270
       Tailslap          |       |    12 ||    12
Throw: Dart              |       |     8 ||     8
       Boomerang         |       |     5 ||     5
Evoke: Wand              |       |     1 ||     1
  Use: Scroll            |     2 |       ||     2
       Potion            |     1 |       ||     1
 Stab: Sleeping          |     4 |       ||     4
Armor: Leather armour    |     3 |       ||     3
       Scale mail        |    52 |    45 ||    97
Dodge: Dodged            |    76 |    56 ||   132
Block: Other             |     8 |    28 ||    36

Table legend: (Time is in decaauts)
 A = Elapsed time spent in this place.
 B = Non-inter-level travel time spent in this place.
 C = Inter-level travel time spent in this place.
 D = Time resting spent in this place.
 E = Time spent auto-exploring this place.
 F = Levels seen in this place.
 G = Mean time per level.
                   A        B        C        D        E       F      G
               +--------+--------+--------+--------+--------+-----+--------+
         Total |   4455 |   4294 |    161 |    137 |   3252 |   5 |  891.0 |
       Dungeon |   4455 |   4294 |    161 |    137 |   3252 |   5 |  891.0 |
               +--------+--------+--------+--------+--------+-----+--------+

Top non-repeatable levels by time:
     D:2: 1482 daAuts
     D:3: 1239 daAuts
     D:1: 1194 daAuts
     D:4: 340 daAuts
     D:5: 200 daAuts
